 Dungeon Crawl Stone Soup version 0.29.1-13-g9f3cf754e1 (webtiles) character file.

Game seed: 7814613188230012274

89 Thatpatchoflichen the Trooper (level 4, 0/37 HPs)
             Began as a Demonspawn Monk on Feb 3, 2023.
             Slain by a dart slug (3 damage)
             ... while paralysed by Ijyb
             ... on level 3 of the Dungeon.
             The game lasted 00:03:54 (3426 turns).

Thatpatchoflichen the Trooper (Demonspawn Monk)     Turns: 3426, Time: 00:03:54

Health: 0/37       AC:  3    Str: 12    XL:     4   Next: 31%
Magic:  4/4        EV:  2    Int: 11    God:
Gold:   131        SH:  0    Dex: 17    Spells: 3/3 levels left

rFire   . . .      SeeInvis .   a - +0 falchion
rCold   . . .      Faith    .   (no shield)
rNeg    . . .      Spirit   .   o - +0 leather armour
rPois   .          Reflect  .   (helmet restricted)
rElec   .          Harm     .   (no cloak)
rCorr   .          Rampage  .   (no gloves)
Will    .....                   (no boots)
Stlth   ++........              (no amulet)
HPRegen 0.12/turn               (no ring)
MPRegen 0.09/turn               (no ring)

@: paralysed
A: horns 2
a: no special abilities


You were on level 3 of the Dungeon.
You visited 1 branch of the dungeon, and saw 3 of its levels.

You collected 131 gold pieces.

Inventory:

Hand Weapons
 a - a +0 falchion (weapon)
Missiles
 d - 6 boomerangs (quivered)
 l - 3 atropa-tipped darts
 r - 2 poisoned darts
Armour
 b - a +0 robe
 j - a +0 chain mail
 o - a +0 leather armour (worn)
Jewellery
 p - a ring of fire
Scrolls
 g - a scroll of immolation {unknown}
 h - 2 scrolls of identify {unknown}
 i - 2 scrolls of enchant weapon {unknown}
 m - a scroll of teleportation {unknown}
 n - a scroll of amnesia {unknown}
 q - 2 scrolls of enchant armour {unknown}
Potions
 c - a potion of ambrosia
 e - a potion of curing {unknown}
 f - 2 potions of haste {unknown}
 k - 2 potions of lignification {unknown}


   Skills:
 + Level 3.8 Fighting
 + Level 3.4 Long Blades
 + Level 3.4 Dodging
 - Level 2.0 Stealth


You had 3 spell levels left.
You didn't know any spells.
Your spell library contained the following spells:

 Spells                   Type           Power      Damage    Failure   Level
 Ensorcelled Hibernation  Hex/Ice        0%         N/A       56%         2
 Passwall                 Tmut/Erth      0%         N/A       56%         2
 Swiftness                Air            0%         N/A       80%         3


Dungeon Overview and Level Annotations

Branches:
Dungeon (3/15)

Altars:

Shops:
D:1 ?([

Annotations:
D:3 3 runed translucent doors, Ijyb, Sigmund


Innate Abilities, Weirdness & Mutations

You have a pair of horns on your head.


Message History

Ijyb is severely wounded.
Ijyb zaps a wand.
You resist with some effort.
You closely miss Ijyb.
Ijyb is severely wounded.
The endoplasm quivers.
Ijyb zaps a wand.
You suddenly lose the ability to move!
Ijyb hits you with a +0 club. x2
You can move again.
You hit Ijyb. Your headbutt misses Ijyb.
Ijyb is severely wounded.
The dart slug launches a dart at you. The slug dart hits you.
The endoplasm hits you but does no damage.
Ijyb zaps a wand.
You shrug off the repeated paralysis!
You hit Ijyb but do no damage.
Ijyb is severely wounded.
The endoplasm hits you. Ijyb hits you with a +0 club.
You closely miss Ijyb.
Ijyb is severely wounded.
The endoplasm freezes you.
You are frozen.
Ijyb misses you. The dart slug launches a dart at you. The slug dart hits you.
You hit Ijyb but do no damage. Your headbutt misses Ijyb.
Ijyb is severely wounded.
The endoplasm freezes you.
You are frozen.
* * * LOW HITPOINT WARNING * * *
Ijyb hits you with a +0 club.
* * * LOW HITPOINT WARNING * * *
The dart slug completely misses you.
You barely miss Ijyb. You headbutt Ijyb.
Ijyb is almost dead.
Ijyb zaps a wand.
You suddenly lose the ability to move!
The endoplasm hits you but does no damage.
Ijyb hits you with a +0 club.
* * * LOW HITPOINT WARNING * * *
The endoplasm completely misses you. The dart slug bites you.
You die...

#####+###
#.......#
#.......#
#.......#
#.......####
#...........
#g.......####
...#.@.........#
......Jw.........#
+##^$..##........#
#.... #........#
#.... #.######.#
#....#..#...##.#
..?...#.##.#....#
#.......
#...###.....#
#######.# .###.#


You could see Ijyb, a dart slug and an endoplasm.

Vanquished Creatures
  2 adders (D:2)
  4 dart slugs
  2 worms (D:2)
  7 ball pythons
  4 bats
  4 endoplasms (D:1)
  2 giant cockroaches (D:1)
  2 goblins (D:1)
  3 hobgoblins
  2 jackals (D:1)
  9 kobolds
  2 quokkas (D:1)
  5 frilled lizards (D:1)
  7 rats
55 creatures vanquished.

Notes
Turn   | Place    | Note
-------+----------+-------------------------------------------
     0 | D:1      | Thatpatchoflichen the Demonspawn Monk began the quest for
                  | the Orb.
     0 | D:1      | Reached XP level 1. HP: 18/18 MP: 1/1
   290 | D:1      | Found Finek's Magic Scroll Emporium.
   303 | D:1      | Gained mutation: You have a pair of small horns on your
                  | head. [demonic ancestry]
   303 | D:1      | Reached XP level 2. HP: 12/24 MP: 2/2
  1257 | D:1      | Reached XP level 3. HP: 25/29 MP: 3/3
  1338 | D:1      | Found Ceuruz's Weapon Emporium.
  1530 | D:1      | Found Qimo's Antique Armour Shop.
  2077 | D:2      | Found a faded altar of an unknown god.
  2460 | D:2      | Gained mutation: You have a pair of horns on your head.
                  | [demonic ancestry]
  2460 | D:2      | Reached XP level 4. HP: 18/37 MP: 4/4
  3299 | D:3      | Noticed Sigmund
  3300 | D:3      | Found a runed translucent gate.
  3300 | D:3      | Found a runed translucent gate.
  3300 | D:3      | Found a runed translucent gate.
  3405 | D:3      | Noticed Ijyb
  3418 | D:3      | Paralysed by Ijyb for 3 turns
  3425 | D:3      | Paralysed by Ijyb for 2 turns
  3426 | D:3      | Slain by a dart slug

Illustrated notes

Levels and vault maps discovered:
D:1:      heliophobic_arrival_ceremonial_halls, layout_basic,
          serial_corexii_hall, corexii_hall_statues_i, chequers_hall_statues_y,
          corexii_hall_statues_i, corexii_hall_statues_s, serial_shops,
          nicolae_shop_bloodbath_and_beyond, shop, nicolae_shop_statue_plus
D:2:      layout_basic, basic_ecumenical_altar, grunt_decor_resistance,
          dreamdust_princess_corridor
D:3:      layout_basic, gammafunk_ghost_nasty_kobolds, uniq_ijyb,
          uniq_crazy_yiuf_cottage, uniq_sigmund

Skill      XL: |  1  2 |
---------------+-------+-----
Stealth        | 2 |  2.0
Long Blades    | 3 |  3.4
Dodging        | 3 |  3.4
Fighting       | |  3.8

Action                   |  1- 3 |  4- 6 || total
-------------------------+-------+-------++-------
Melee: Falchion          |   127 |    34 ||   161
       Headbutt          |    13 |     4 ||    17
 Stab: Sleeping          |     4 |     1 ||     5
Armor: Robe              |    23 |       ||    23
       Leather armour    |     1 |     8 ||     9
Dodge: Dodged            |   105 |    25 ||   130
